 Dungeon Sprint DCSS version 0.16-a0-1276-g18860b1 (webtiles) character file.

60548 Ololoev the Centaur Blade (level 14, -1/140 HPs)
             Began as a Centaur Hunter on Oct 13, 2014.
             Was a High Priest of Okawaru.
             Killed from afar by Jory (23 damage)
             ... with a crystal spear
             ... in the Dungeon (Sprint IX: "|||||||||||||||||||||||||||||") on Oct 14, 2014.
             The game lasted 00:58:14 (11192 turns).

Ololoev the Centaur Blade (Centaur Hunter)         Turns: 11192, Time: 00:58:15

Health: -1/140     AC: 25    Str: 15    XL:     14   Next: 57%
Magic:  21/27      EV: 16    Int: 13    God:    Okawaru [*****.]
Gold:   953        SH:  0    Dex: 15    Spells: 0 memorised, 13 levels left

rFire  + . .     SeeInvis +     a - +10 great sword "Gucewka" {venom, +Inv rElec rC+}
rCold  + . .     Clarity  .     G - +0 swamp dragon armour
rNeg   . . .     SustAb   .     (no shield)
rPois  +         Gourm    .     x - +0 helmet {Int+3}
rElec  +         Spirit   .     q - +0 cloak
rCorr  .         Warding  .     C - +0 pair of gloves
rMut   .         NoTele   +     p - +0 centaur barding
MR     +....                    (no amulet)
Stlth  +.........               D - ring of see invisible
                                E - ring of protection from fire

@: heroism, finesse, mesmerised, very quick, somewhat resistant to hostile
enchantments, very unstealthy
A: hooves 3, deformed body, speed 2, tough skin 3
a: Heroism, Finesse, Renounce Religion, Evoke Invisibility


You were in the Dungeon.
You worshipped Okawaru.
Okawaru was extremely pleased with you.
You were not hungry.

You visited 1 branch You collected 1900 gold pieces.
You spent 947 gold pieces at shops.

Inventory:

Hand weapons
 a - the +10 great sword "Gucewka" (weapon) {venom, +Inv rElec rC+}
   (Okawaru gifted it to you in the Dungeon)

   It poisons the flesh of those it strikes.
   It protects you from cold.
   It insulates you from electricity.
   It lets you turn invisible.
 b - a +1 shortbow
Missiles
 d - 5 arrows of dispersal
 f - 20 arrows
 w - 11 poisoned arrows
 y - 6 arrows of frost
 I - 4 arrows of flame
Armour
 p - a +0 centaur barding (worn)
 q - a +0 cloak (worn)
 x - a +0 helmet of intelligence (worn)
 C - a +0 pair of gloves (worn)
 G - a +0 swamp dragon armour (worn)
Jewellery
 s - a +2 ring of evasion
 D - a ring of see invisible (right hand)
 E - a ring of protection from fire (left hand)
 H - an uncursed ring of poison resistance
Magical devices
 o - a wand of draining (0)
Scrolls
 l - 4 scrolls of remove curse
 m - 2 scrolls of amnesia
 n - a scroll of blinking
 t - 3 scrolls of identify
 u - 2 scrolls of enchant weapon
 F - 2 scrolls of fog
Potions
 e - 4 potions of curing
 g - a potion of heal wounds
 h - 4 potions of haste
 i - 4 potions of magic
 j - 2 potions of berserk rage
 k - a potion of invisibility
 r - 3 potions of restore abilities
 B - a potion of brilliance
Comestibles
 v - 13 meat rations
 z - 8 fruits
 A - 12 bread rations


   Skills:
 + Level 17.0(22.0) Fighting
 - Level 21.3(26.3) Long Blades
 - Level 15.7(20.7) Bows
 * Level 13.6(18.6) Armour
 * Level 12.0(17.0) Dodging
 - Level 0.5(5.5) Stealth
 - Level 8.0 Invocations
 - Level 11.3 Evocations


You had 13 spell levels left.
You didn't know any spells.

Dungeon Overview and Level Annotations

Branches:
Dungeon (1/1)

Altars:
Cheibriados
Dithmenos
Elyvilon
Fedhas
Gozag
Kikubaaqudgha
Makhleb
Nemelex Xobeh
Okawaru
Qazlal
Sif Muna
Trog
Vehumet
Xom
Yredelemnul
Zin
The Shining One
Beogh
Jiyva
Lugonu

Shops:
D [!(*

Annotations:
D Jory


Innate Abilities, Weirdness & Mutations

You have hooves in place of feet.
Armour fits poorly on your strangely shaped body.
You cover ground very quickly.
You have extremely tough skin (AC +3).


Message History

You slice Jory!! You kick Jory, but do no damage.
Jory is heavily damaged.
You slash Jory!
Jory is heavily damaged.
You slice Jory!! Your kick misses Jory.
Jory is severely damaged.
Jory hits you with a glowing great sword.
* * * LOW HITPOINT WARNING * * *
x2 Jory bites you but does no damage.
You slash Jory! Your kick misses Jory.
Jory is severely damaged.
You slash Jory!
Jory is severely damaged.
You miss Jory.
Jory is severely damaged.
You slice Jory!! You kick Jory.
Jory is almost destroyed.
Jory gestures at you while chanting. The crystal spear hits you!
You die...

........'.........▓
▓▓▓▓▓▓▓▓▓▓▓▓▓▓▓▓▓)▓
..................▓
▓▓▓▓▓▓▓▓▓▓▓▓▓▓▓▓▓▓▓
)....'....).......▓
▓▓▓▓▓▓▓▓▓▓▓▓▓▓▓▓▓)▓
).................▓
▓▓▓▓▓▓▓▓▓▓▓▓▓▓▓▓▓▓▓
........'.......@.▓
▓▓▓▓▓▓▓▓▓▓▓▓▓▓▓▓▓V▓
.........V........▓
▓▓▓▓▓▓▓▓▓▓▓▓▓▓▓▓▓▓▓
,,,,,,,+,,,,,,,,,,*
*****************,*
,,,,,,,,,,,,,,,,,,*
*******************
,,,,,,,,,,,,,+,,,,*


You could see Jory.

Vanquished Creatures
  Mara (D)
  Xtahua (D)
  2 sphinxes (D)
  A tengu reaver (D)
  2 frost giants (D)
  A draconian zealot (D)
  A very ugly thing (D)
  2 stone giants (D)
  A pale draconian (D)
  3 ettins (D)
  A merfolk javelineer (D)
  A crystal guardian (D)
  2 ironheart preservers (D)
  Josephine (D)
  2 yaktaur captains (D)
  An ogre mage (D)
  2 ice dragons (D)
  A spriggan air mage (D)
  An anaconda (D)
  Erica (D)
  2 deep troll earth magi (D)
  A centaur warrior (D)
  A satyr (D)
  2 death yaks (D)
  A naga sharpshooter (D)
  An orc high priest (D)
  A deep elf knight (D)
  A wizard (D)
  A swamp dragon (D)
  2 hill giants (D)
  8 orc knights (D)
  2 deep elf summoners (D)
  An ironbrand convoker (D)
  A harpy (D)
  4 orc sorcerers (D)
  2 griffons (D)
  2 fauns (D)
  2 red wasps (D)
  2 ugly things (D)
  A wolf spider (D)
  A black mamba (D)
  A manticore (shapeshifter) (D)
  A water nymph (D)
  A vault sentinel (D)
  A cyclops (D)
  A torpor snail (D)
  Psyche (D)
  2 spiny frogs (D)
  2 naga magi (D)
  A komodo dragon (D)
  2 demonic crawlers (D)
  A merfolk (D)
  A yaktaur (D)
  A jumping spider (shapeshifter) (D)
  Sonja (D)
  A bog body (D)
  A blink frog (D)
  A boulder beetle (D)
  A trapdoor spider (D)
  A basilisk (D)
  A redback (D)
  2 deep elf magi (D)
  A water elemental (D)
  Eustachio (D)
  Grum (D)
  2 vampire mosquitoes (D)
  2 yaks (D)
  A human (shapeshifter) (D)
  2 nagas (D)
  A warg (D)
  5 wolves (D)
  4 hell hounds (D)
  A spider (D)
  4 water moccasins (D)
  A phantom (D)
  3 orc zombies (D)
  A porcupine (D)
  7 orc warriors (D)
  An ice beast (D)
  A boring beetle (D)
  2 crocodiles (D)
  A big kobold (D)
  2 giant frogs (D)
  A scorpion (D)
  2 crimson imps (D)
  7 jellies (D)
  A hound (D)
  3 iguanas (D)
  2 orc priests (D)
  12 orc wizards (D)
  An orange rat (D)
  A worker ant (D)
  4 adders (D)
  A green rat (D)
  A shadow imp (D)
  An adder zombie (D)
  9 orcs (D)
  2 bat skeletons (D)
  A bat zombie (D)
  A giant cockroach (D)
  2 goblins (D)
  A goblin zombie (D)
  A hobgoblin zombie (D)
  2 kobold zombies (D)
  A quokka zombie (D)
  4 rats (D)
  A rat zombie (D)
  4 plants (D)
202 creatures vanquished.

Vanquished Creatures (others)
  A fire giant (D)
1 creature vanquished.

Grand Total: 203 creatures vanquished

Notes
Turn   | Place    | Note
--------------------------------------------------------------
     0 | D        | Ololoev, the Centaur Hunter, began the quest for the Orb.
     0 | D        | Reached XP level 1. HP: 16/16 MP: 1/1
    13 | D        | Reached skill level 6 in Bows
    46 | D        | Noticed an iguana
    46 | D        | Noticed an iguana
    46 | D        | Noticed an ice beast
    48 | D        | Reached skill level 7 in Bows
    60 | D        | Killed an iguana
    60 | D        | Reached skill level 9 in Bows
    60 | D        | Reached XP level 2. HP: 1/23 MP: 2/2
    60 | D        | Reached XP level 3. HP: 1/28 MP: 3/3
    73 | D        | Killed an iguana
    73 | D        | Reached skill level 11 in Bows
    84 | D        | Killed an ice beast
    84 | D        | Reached skill level 13 in Bows
    84 | D        | Reached XP level 4. HP: 3/35 MP: 3/3
    84 | D        | Reached XP level 5. HP: 3/40 MP: 4/4
   163 | D        | Found a glowing silver altar of Zin.
   163 | D        | Found a glowing golden altar of the Shining One.
   163 | D        | Found an ancient bone altar of Kikubaaqudgha.
   163 | D        | Found a basalt altar of Yredelemnul.
   163 | D        | Found a shimmering altar of Xom.
   163 | D        | Found a radiant altar of Vehumet.
   163 | D        | Found an iron altar of Okawaru.
   164 | D        | Found a burning altar of Makhleb.
   165 | D        | Found a deep blue altar of Sif Muna.
   166 | D        | Found a bloodstained altar of Trog.
   167 | D        | Found a sparkling altar of Nemelex Xobeh.
   168 | D        | Found a white marble altar of Elyvilon.
   169 | D        | Found a roughly hewn altar of Beogh.
   170 | D        | Found a viscous altar of Jiyva.
   171 | D        | Found a corrupted altar of Lugonu.
   172 | D        | Became a worshipper of Warmaster Okawaru
   412 | D        | Found a blossoming altar of Fedhas.
   413 | D        | Found a snail-covered altar of Cheibriados.
   414 | D        | Found a shadowy altar of Dithmenos.
   415 | D        | Found a stormy altar of Qazlal.
   416 | D        | Found an opulent altar of Gozag.
   469 | D        | Noticed a crimson imp
   469 | D        | Noticed a big kobold
   469 | D        | Noticed a giant frog
   501 | D        | Killed a big kobold
   507 | D        | Killed a crimson imp
   507 | D        | Reached skill level 14 in Bows
   512 | D        | Killed a giant frog
   512 | D        | Reached XP level 6. HP: 12/47 MP: 5/5
   725 | D        | Noticed a deep elf mage
   725 | D        | Noticed a jelly
   725 | D        | Noticed a queen bee
   725 | D        | Noticed a crimson imp
   725 | D        | Noticed a worker ant
   736 | D        | Noticed a human
   736 | D        | a queen bee changed into a human
   737 | D        | Killed a deep elf mage
   737 | D        | Acquired Okawaru's first power
   737 | D        | Reached skill level 15 in Bows
   739 | D        | Killed a jelly
   751 | D        | Killed a human
   751 | D        | Reached XP level 7. HP: 22/52 MP: 5/5
   768 | D        | Killed a worker ant
   775 | D        | Killed a crimson imp
  1130 | D        | Noticed a giant frog
  1130 | D        | Noticed a porcupine
  1130 | D        | Noticed an iguana
  1130 | D        | Noticed a hound
  1130 | D        | Noticed a crocodile
  1134 | D        | Noticed a water moccasin
  1138 | D        | Killed a giant frog
  1138 | D        | Reached skill level 1 in Armour
  1141 | D        | Noticed a spiny frog
  1142 | D        | Killed a porcupine
  1142 | D        | Reached skill level 10 in Long Blades
  1146 | D        | Killed an iguana
  1149 | D        | Killed a hound
  1154 | D        | Killed a crocodile
  1164 | D        | Killed a water moccasin
  1164 | D        | Reached XP level 8. HP: 27/66 MP: 4/6
  1212 | D        | Killed a spiny frog
  1439 | D        | Noticed a komodo dragon
  1439 | D        | Noticed a basilisk
  1439 | D        | Noticed a crocodile
  1439 | D        | Noticed a spiny frog
  1480 | D        | Killed a basilisk
  1480 | D        | Received a gift from Okawaru
  1480 | D        | Reached skill level 5 in Fighting
  1481 | D        | Killed a komodo dragon
  1494 | D        | Killed a crocodile
  1547 | D        | Killed a spiny frog
  1547 | D        | Reached XP level 9. HP: 48/78 MP: 7/7
  1549 | D        | Received a gift from Okawaru
  1615 | D        | Noticed a yak
  1703 | D        | Noticed a yak
  1714 | D        | Killed a yak
  1714 | D        | Reached skill level 5 in Armour
  1724 | D        | Killed a yak
  1726 | D        | Received a gift from Okawaru
  1759 | D        | Noticed a hell hound
  1759 | D        | Noticed a hell hound
  1759 | D        | Noticed a hell hound
  1759 | D        | Noticed a wolf
  1759 | D        | Noticed a warg
  1760 | D        | Noticed a wolf
  1782 | D        | Killed a wolf
  1799 | D        | Killed a hell hound
  1802 | D        | Killed a hell hound
  1805 | D        | Killed a hell hound
  1813 | D        | Killed a warg
  1826 | D        | Killed a wolf
  1848 | D        | Noticed a hell hound
  1858 | D        | Killed a hell hound
  1858 | D        | Received a gift from Okawaru
  2040 | D        | Noticed a wolf
  2044 | D        | Killed a wolf
  2152 | D        | Noticed Psyche
  2160 | D        | Killed Psyche
  2253 | D        | Noticed an orc wizard
  2253 | D        | Noticed an orc warrior
  2254 | D        | Killed an orc wizard
  2256 | D        | Noticed an orc priest
  2257 | D        | Noticed an orc warrior
  2336 | D        | Killed an orc warrior
  2359 | D        | Killed an orc warrior
  2416 | D        | Killed an orc priest
  2425 | D        | Noticed an orc wizard
  2432 | D        | Killed an orc wizard
  2436 | D        | Noticed an orc priest
  2445 | D        | Killed an orc priest
  2445 | D        | Reached XP level 10. HP: 51/90 MP: 7/7
  2626 | D        | Noticed an orc warrior
  2626 | D        | Noticed an orc knight
  2626 | D        | Noticed an orc knight
  2626 | D        | Noticed an orc sorcerer
  2626 | D        | Noticed an orc warrior
  2666 | D        | Killed an orc warrior
  2686 | D        | Noticed a sixfirhy
  2749 | D        | Killed an orc knight
  2774 | D        | Killed an orc knight
  2793 | D        | Killed an orc sorcerer
  2793 | D        | Reached skill level 10 in Fighting
  2798 | D        | Killed an orc warrior
  3043 | D        | Noticed an orc knight
  3083 | D        | Killed an orc knight
  3083 | D        | Acquired Okawaru's second power
  3083 | D        | Received a gift from Okawaru
  3217 | D        | Noticed an orc warrior
  3229 | D        | Killed an orc warrior
  3242 | D        | Noticed an orc warrior
  3252 | D        | Killed an orc warrior
  3275 | D        | Noticed an orc high priest
  3276 | D        | Noticed an orc warrior
  3296 | D        | Killed an orc high priest
  3307 | D        | Killed an orc warrior
  3525 | D        | Found Jianoq's Antique Armour Emporium.
  3525 | D        | Noticed an orc wizard
  3525 | D        | Noticed an orc wizard
  3525 | D        | Noticed an orc wizard
  3525 | D        | Noticed an orc wizard
  3525 | D        | Noticed an orc sorcerer
  3525 | D        | Noticed an orc wizard
  3537 | D        | Killed an orc wizard
  3546 | D        | Killed an orc wizard
  3553 | D        | Noticed a sun demon
  3555 | D        | Killed an orc sorcerer
  3555 | D        | Received a gift from Okawaru
  3556 | D        | Killed an orc wizard
  3565 | D        | Noticed an orc wizard
  3565 | D        | Killed an orc wizard
  3572 | D        | Killed an orc wizard
  3574 | D        | Noticed an orc wizard
  3579 | D        | Killed an orc wizard
  3582 | D        | Killed an orc wizard
  3583 | D        | Found Phimni's Distillery.
  3772 | D        | Found Ecazeor's Antique Weapon Emporium.
  3776 | D        | Found Warapag's General Store.
  3778 | D        | Noticed an orc sorcerer
  3779 | D        | Noticed an orc wizard
  3780 | D        | Noticed an orc wizard
  3781 | D        | Noticed an orc wizard
  3781 | D        | Noticed an orc sorcerer
  3791 | D        | Paralysed by an orc sorcerer for 6 turns
  3796 | D        | Killed an orc sorcerer
  3796 | D        | Reached XP level 11. HP: 60/105 MP: 13/15
  3801 | D        | Paralysed by an orc sorcerer for 5 turns
  3809 | D        | Killed an orc sorcerer
  3811 | D        | Killed an orc wizard
  3814 | D        | Killed an orc wizard
  3817 | D        | Killed an orc wizard
  4052 | D        | Bought a scroll of magic mapping for 38 gold pieces
  4052 | D        | Bought a potion of curing for 22 gold pieces
  4062 | D        | Bought a potion of heal wounds for 36 gold pieces
  4062 | D        | Bought a potion of heal wounds for 36 gold pieces
  4065 | D        | Bought an encrusted plate armour for 532 gold pieces
  4076 | D        | Identified the +4 plate armour of a treasure trove {Str+1 Slay-2} (You bought it in a shop in the Dungeon)
  4096 | D        | Bought a distressingly furry leather armour for 133 gold pieces
  4107 | D        | Identified the +0 leather armour of the Nine Mice {Slay+4} (You bought it in a shop in the Dungeon)
  4111 | D        | Bought a potion of restore abilities for 36 gold pieces
  4111 | D        | Bought a potion of curing for 24 gold pieces
  4111 | D        | Bought a potion of restore abilities for 36 gold pieces
  4111 | D        | Bought a potion of brilliance for 30 gold pieces
  4111 | D        | Bought 2 potions of poison for 24 gold pieces
  4140 | D        | Noticed Josephine
  4156 | D        | Killed Josephine
  4156 | D        | Reached skill level 10 in Armour
  4260 | D        | Noticed Erica
  4263 | D        | Noticed Eustachio
  4290 | D        | Killed Eustachio
  4313 | D        | Killed Erica
  4467 | D        | Noticed Sonja
  4488 | D        | Killed Sonja
  4702 | D        | Noticed a cyan ugly thing
  4702 | D        | Noticed a vampire mosquito
  4702 | D        | Noticed a jelly
  4702 | D        | Noticed a cyclops
  4702 | D        | Noticed a vampire mosquito
  4734 | D        | Killed a cyan ugly thing
  4740 | D        | Killed a vampire mosquito
  4762 | D        | Killed a jelly
  4764 | D        | Killed a jelly
  4767 | D        | Killed a jelly
  4772 | D        | Killed a jelly
  4780 | D        | Killed a jelly
  4819 | D        | Killed a jelly
  4866 | D        | Killed a cyclops
  4874 | D        | Killed a vampire mosquito
  5024 | D        | Noticed a hill giant
  5039 | D        | Killed a hill giant
  5152 | D        | Noticed a death yak
  5156 | D        | Noticed a frost giant
  5228 | D        | Killed a death yak
  5238 | D        | Killed a frost giant
  5431 | D        | Noticed a sphinx
  5432 | D        | Paralysed by a sphinx for 7 turns
  5441 | D        | Noticed a frost giant
  5449 | D        | Killed a sphinx
  5449 | D        | Reached skill level 15 in Fighting
  5449 | D        | Reached XP level 12. HP: 95/121 MP: 15/17
  5462 | D        | Killed a frost giant
  5462 | D        | Received a gift from Okawaru
  5468 | D        | Got a faintly glowing great sword {god gift}
  5469 | D        | Identified the +10 great sword "Gucewka" {venom, +Inv rElec rC+} (Okawaru gifted it to you in the Dungeon)
  5513 | D        | Noticed a deep elf knight
  5523 | D        | Killed a deep elf knight
  5701 | D        | Noticed a fire giant
  5725 | D        | Killed a fire giant
  5725 | D        | Reached skill level 15 in Long Blades
  5986 | D        | Noticed a death yak
  6000 | D        | Killed a death yak
  6120 | D        | Noticed Xtahua
  6164 | D        | Killed Xtahua
  6164 | D        | Reached skill level 16 in Long Blades
  6166 | D        | Received a gift from Okawaru
  6287 | D        | Noticed a bog body
  6287 | D        | Noticed a swamp dragon
  6287 | D        | Noticed a water moccasin
  6287 | D        | Noticed a phantom
  6289 | D        | Killed a bog body
  6290 | D        | Noticed a blink frog
  6298 | D        | Killed a swamp dragon
  6298 | D        | Received a gift from Okawaru
  6298 | D        | Reached skill level 17 in Long Blades
  6300 | D        | Killed a blink frog
  6313 | D        | Killed a water moccasin
  6323 | D        | Killed a phantom
  6388 | D        | Noticed a merfolk
  6388 | D        | Noticed a faun
  6388 | D        | Noticed a satyr
  6388 | D        | Noticed a water nymph
  6388 | D        | Noticed a faun
  6388 | D        | Noticed a griffon
  6388 | D        | Noticed a merfolk javelineer
  6431 | D        | Killed a merfolk
  6438 | D        | Killed a faun
  6558 | D        | Killed a satyr
  6558 | D        | Received a gift from Okawaru
  6889 | D        | Killed a water nymph
  6929 | D        | Killed a faun
  7036 | D        | Killed a griffon
  7036 | D        | Reached skill level 18 in Long Blades
  7079 | D        | Killed a merfolk javelineer
  7079 | D        | Reached skill level 5 in Invocations
  7081 | D        | Received a gift from Okawaru
  7262 | D        | Noticed a water elemental
  7271 | D        | Noticed a griffon
  7277 | D        | Killed a water elemental
  7281 | D        | Killed a griffon
  7281 | D        | Reached skill level 5 in Evocations
  7425 | D        | Noticed a spider
  7425 | D        | Noticed a demonic crawler
  7425 | D        | Noticed a boring beetle
  7425 | D        | Noticed a red wasp
  7425 | D        | Noticed a wolf spider
  7425 | D        | Noticed a demonic crawler
  7427 | D        | Killed a spider
  7432 | D        | Killed a demonic crawler
  7432 | D        | Reached XP level 13. HP: 127/127 MP: 20/20
  7445 | D        | Killed a boring beetle
  7458 | D        | Killed a red wasp
  7458 | D        | Received a gift from Okawaru
  7465 | D        | Killed a wolf spider
  7472 | D        | Killed a demonic crawler
  7477 | D        | Noticed a scorpion
  7482 | D        | Killed a scorpion
  7486 | D        | Noticed a redback
  7492 | D        | Killed a redback
  7508 | D        | Noticed a trapdoor spider
  7521 | D        | Killed a trapdoor spider
  7538 | D        | Noticed a black mamba
  7538 | D        | Noticed a naga mage
  7538 | D        | Noticed a naga
  7538 | D        | Noticed a water moccasin
  7538 | D        | Noticed a naga sharpshooter
  7538 | D        | Noticed a naga
  7538 | D        | Noticed a water moccasin
  7539 | D        | Noticed an anaconda
  7540 | D        | Killed a black mamba
  7544 | D        | Killed a naga mage
  7548 | D        | Killed a naga
  7549 | D        | Noticed a naga mage
  7550 | D        | Killed a water moccasin
  7557 | D        | Killed a naga sharpshooter
  7559 | D        | Killed a naga
  7566 | D        | Killed an anaconda
  7566 | D        | Reached skill level 19 in Long Blades
  7569 | D        | Killed a water moccasin
  7579 | D        | Killed a naga mage
  7779 | D        | Noticed Grum
  7781 | D        | Noticed a wolf
  7791 | D        | Killed Grum
  7801 | D        | Killed a wolf
  7814 | D        | Noticed a wolf
  7820 | D        | Killed a wolf
  7893 | D        | Noticed a deep elf summoner
  7893 | D        | Noticed an ettin
  7893 | D        | Noticed a centaur warrior
  7893 | D        | Noticed a deep elf summoner
  7893 | D        | Noticed a deep troll earth mage
  7893 | D        | Noticed a spriggan air mage
  7893 | D        | Noticed a deep troll earth mage
  7897 | D        | Killed a deep elf summoner
  7925 | D        | Killed an ettin
  7930 | D        | Killed a centaur warrior
  7936 | D        | Killed a deep elf summoner
  7948 | D        | Killed a deep troll earth mage
  7955 | D        | Killed a spriggan air mage
  7955 | D        | Received a gift from Okawaru
  7966 | D        | Killed a deep troll earth mage
  7966 | D        | Reached skill level 20 in Long Blades
  7977 | D        | Noticed a white very ugly thing
  7979 | D        | Noticed a yaktaur
  8089 | D        | Killed a white very ugly thing
  8417 | D        | Killed a yaktaur
  8431 | D        | Noticed a tengu reaver
  8474 | D        | Killed a tengu reaver
  8474 | D        | Reached skill level 10 in Evocations
  8582 | D        | Noticed an ettin
  8633 | D        | Killed an ettin
  8758 | D        | Noticed an ettin
  8759 | D        | Noticed an ice dragon
  8763 | D        | Noticed a torpor snail
  8797 | D        | Killed an ettin
  8814 | D        | Killed an ice dragon
  8819 | D        | Killed a torpor snail
  8844 | D        | Noticed a wizard
  8933 | D        | Killed a wizard
  8933 | D        | Reached skill level 21 in Long Blades
  8934 | D        | Noticed a sphinx
  8947 | D        | Killed a sphinx
  8955 | D        | Noticed a stone giant
  8974 | D        | Killed a stone giant
  8992 | D        | Noticed a deep elf mage
  9003 | D        | Killed a deep elf mage
  9236 | D        | Noticed a wind drake
  9236 | D        | Noticed a harpy
  9236 | D        | Noticed a jumping spider
  9236 | D        | Noticed an orc knight
  9236 | D        | Noticed a yaktaur captain
  9236 | D        | Noticed an orc knight
  9236 | D        | Noticed an orc knight
  9241 | D        | a wind drake changed into a boulder beetle
  9244 | D        | Killed a jumping spider
  9264 | D        | Killed a harpy
  9285 | D        | Killed an orc knight
  9285 | D        | Reached XP level 14. HP: 134/136 MP: 27/27
  9291 | D        | Killed a yaktaur captain
  9294 | D        | Received a gift from Okawaru
  9314 | D        | Killed an orc knight
  9339 | D        | Killed an orc knight
  9406 | D        | Noticed a hill giant
  9441 | D        | Killed a hill giant
  9458 | D        | Noticed a yaktaur captain
  9488 | D        | Killed a yaktaur captain
  9513 | D        | Noticed an orc knight
  9545 | D        | Killed an orc knight
  9788 | D        | Noticed a red wasp
  9792 | D        | Noticed an ice dragon
  9796 | D        | Noticed an ogre mage
  9817 | D        | Killed a red wasp
  9817 | D        | Reached skill level 10 in Dodging
  9837 | D        | Killed an ice dragon
  9876 | D        | Paralysed by an ogre mage for 2 turns
  9883 | D        | Killed an ogre mage
  9884 | D        | Noticed an ironheart preserver
  9896 | D        | Killed an ironheart preserver
  9958 | D        | Noticed a purple ugly thing
  9968 | D        | Killed a purple ugly thing
  9988 | D        | Noticed an ironbrand convoker
  9989 | D        | Noticed a crystal guardian
  9990 | D        | Noticed a boulder beetle
  9991 | D        | Noticed a vault sentinel
  9992 | D        | Noticed an ironheart preserver
 10002 | D        | Noticed an orc knight
 10002 | D        | Noticed a pale draconian
 10002 | D        | Noticed a pale draconian zealot
 10065 | D        | Killed an orc knight
 10075 | D        | Killed a pale draconian zealot
 10083 | D        | Killed a pale draconian
 10095 | D        | Killed an ironbrand convoker
 10258 | D        | Upgraded the game from 0.16-a0-1243-g6e0463c to 0.16-a0-1276-g18860b1
 10288 | D        | Killed a crystal guardian
 10304 | D        | Killed a boulder beetle
 10340 | D        | Killed a vault sentinel
 10341 | D        | Noticed a stone giant
 10342 | D        | Killed an ironheart preserver
 10414 | D        | Killed a stone giant
 10414 | D        | Received a gift from Okawaru
 10736 | D        | Noticed Mara
 10793 | D        | Noticed Ololoev's illusion
 10809 | D        | Killed Mara
 11139 | D        | Noticed Jory
 11192 | D        | Killed from afar by Jory

Action                   |  1- 3 |  4- 6 |  7- 9 | 10-12 | 13-15 || total
-------------------------+-------+-------+-------+-------+-------++-------
Melee: Short sword       |     6 |       |       |       |       ||     6
       Scimitar          |       |    50 |   115 |   124 |       ||   289
       Demon blade       |       |       |       |    78 |       ||    78
       Shortbow          |       |       |       |     1 |       ||     1
       Great sword       |       |       |       |   110 |   278 ||   388
 Fire: Shortbow          |    28 |     9 |    92 |   174 |   160 ||   463
Invok: Heroism           |       |       |     2 |     8 |     8 ||    18
       Finesse           |       |       |       |     2 |     4 ||     6
Evoke: Wand              |       |       |     7 |     2 |       ||     9
  Use: Scroll            |     1 |       |     2 |     2 |       ||     5
       Potion            |       |     2 |     4 |     7 |     3 ||    16
  Eat: Bread ration      |       |       |     1 |       |       ||     1
       Fruit             |       |       |       |    18 |    14 ||    32
